 Dungeon Crawl Stone Soup version 0.24-a0-439-g6dd8730de2 (webtiles) character file.

Game seed: 15936905106002975810

285 KristoblXynda the Slasher (level 6, 0/48 HPs)
             Began as a Draconian Gladiator on June 18, 2019.
             Slain by a wight
             ... wielding a cursed +4 hand axe
              (2 damage)
             ... on level 3 of the Dungeon.
             The game lasted 00:04:44 (2065 turns).

KristoblXynda the Slasher (Draconian Gladiator)     Turns: 2065, Time: 00:04:45

Health: 0/48       AC:  6    Str: 17    XL:     6   Next: 7%
Magic:  6/6        EV: 12    Int: 10    God:
Gold:   158        SH:  3    Dex: 12    Spells: 5/5 levels left

rFire    . . .     SeeInvis .   a - +0 long sword
rCold    . . .     Gourm    .   f - +0 buckler
rNeg     . . .     Faith    .   (armour unavailable)
rPois    .         Spirit   .   b - +0 hat
rElec    .         Reflect  .   (no cloak)
rCorr    .         Harm     .   (no gloves)
MR       .....                  (no boots)
Stlth    +.........             (no amulet)
HPRegen  0.16/turn              (no ring)
MPRegen  0.10/turn              (no ring)

@: heavily drained
A: unfitting armour, cold-blooded, AC +6
a: no special abilities


You were on level 3 of the Dungeon.
You were very hungry.

You visited 1 branch of the dungeon, and saw 3 of its levels.

You collected 158 gold pieces.

Inventory:

Hand Weapons
 a - a +0 long sword (weapon)
Missiles
 c - 6 throwing nets (quivered)
Armour
 b - a +0 hat (worn)
 f - a +0 buckler (worn)
Scrolls
 i - 2 scrolls of identify {unknown}
 j - a scroll of enchant armour {unknown}
 k - a scroll of immolation {unknown}
 l - a scroll of blinking {unknown}
 n - a scroll of teleportation {unknown}
 o - a scroll of magic mapping {unknown}
 r - a scroll of amnesia {unknown}
 s - a scroll of noise {unknown}
Potions
 e - a potion of berserk rage {unknown}
 h - a potion of agility
 m - a potion of resistance {unknown}
 p - a potion of might {unknown}
 q - a potion of magic {unknown}
Comestibles
 d - 8 rations


   Skills:
 - Level 2.1(0.6) Fighting
 * Level 5.2(3.5) Long Blades
 - Level 2.0(0.4) Throwing
 + Level 3.9(2.2) Dodging
 + Level 2.5(0.9) Shields


You had 5 spell levels left.
You didn't know any spells.
Your spell library was empty.

Dungeon Overview and Level Annotations

Branches:
Dungeon (3/15)

Altars:


Innate Abilities, Weirdness & Mutations

Your plain brown scales are hard. (AC +6)
You cannot fit into any form of body armour.
You are cold-blooded and may be slowed by cold attacks.


Message History

The wight is severely damaged.
You hit the wight.
The wight is almost destroyed.
The wight completely misses you. You block the wight's attack.
There is an open door here.
You hit the wight but do no damage.
The wight is almost destroyed.
The wight barely misses you.
You completely miss the wight.
The wight is almost destroyed.
The wight barely misses you. x2
You barely miss the wight.
The wight is almost destroyed.
The wight hits you from afar with a cursed +0 spear.
* * * LOW HITPOINT WARNING * * *
You feel drained.
The wight hits you with a cursed +4 hand axe!
* * * LOW HITPOINT WARNING * * *
You feel drained.
You die...

### #.###### #...z..#
#.####.# #.# #)#
#z####'###########
###@#..............#
######.z.........########
#....#...........#...
#(...#................
#.........###.........
#.........###..........
##...............###....
###...#..............
....
#.....#...............
...


You could see 2 wights.

Vanquished Creatures
  A wight (D:3)
  2 orc wizards (D:3)
  An orc priest (D:2)
  A killer bee zombie (D:3)
  3 gnolls (D:2)
  4 adders
  An ooze (D:1)
  2 worms
  2 dart slugs (D:1)
  A leopard gecko (D:3)
  7 orcs (D:3)
  8 bats
  A giant cockroach (D:2)
  5 goblins
  3 hobgoblins
  6 jackals
  3 frilled lizards
  7 kobolds
  3 rats
61 creatures vanquished.

Notes
Turn   | Place    | Note
-------+----------+-------------------------------------------
     0 | D:1      | KristoblXynda the Draconian Gladiator began the quest for
                  | the Orb.
     0 | D:1      | Reached XP level 1. HP: 17/17 MP: 1/1
   173 | D:1      | Reached XP level 2. HP: 23/24 MP: 2/2
   567 | D:2      | Reached XP level 3. HP: 23/29 MP: 3/3
   799 | D:2      | Reached skill level 1 in Shields
   810 | D:2      | Reached skill level 4 in Long Blades
   831 | D:2      | Reached XP level 4. HP: 27/36 MP: 4/4
  1409 | D:3      | Reached XP level 5. HP: 31/41 MP: 5/5
  1681 | D:3      | Reached skill level 5 in Long Blades
  2044 | D:3      | Reached XP level 6. HP: 37/48 MP: 6/6
  2065 | D:3      | HP: 2/48 [wight/cursed +4 hand axe (9)]
  2065 | D:3      | Slain by a wight

Levels and vault maps discovered:
D:1:      scummos_arrival_star, layout_loops_ring
D:2:      layout_rooms, first_ration, kennysheep_generic_room_4
D:3:      layout_basic, chequers_serial_rivers_micro_a, grunt_ministairs_2

Skill      XL: |  1  2  3  4  5 |
---------------+----------------+-----
Throwing       | 2 |  2.0
Dodging        | 3 |  3.9
Shields        | 1 2 |  2.5
Long Blades    | 4 5 |  5.2
Fighting       | |  2.1

Action                   |  1- 3 |  4- 6 || total
-------------------------+-------+-------++-------
Melee: Long sword        |    70 |   126 ||   196
       Tailslap          |     9 |    25 ||    34
  Use: Potion            |       |     4 ||     4
 Stab: Sleeping          |     2 |       ||     2
  Eat: Chunk             |       |     3 ||     3
Armor: Skin              |    21 |    30 ||    51
Dodge: Dodged            |    73 |   121 ||   194
Block: Buckler           |       |    23 ||    23
       Rpst.: Long sword |    15 |    39 ||    54

Table legend:
 A = Non-vault XP
 B = Vault XP
 C = Vault XP percentage of total XP
 D = Non-vault monster count
 E = Vault monster count
 F = Vault count percentage of total count
                 A         B        C        D         E       F
            +---------+---------+-------+---------+---------+-------
      Total |     318 |      90 |  22.1 |      55 |       6 |   9.8
            +---------+---------+-------+---------+---------+-------
        D:1 |      35 |       0 |   0.0 |      17 |       0 |   0.0
        D:2 |     109 |      42 |  27.8 |      20 |       2 |   9.1
        D:3 |     174 |      48 |  21.6 |      18 |       4 |  18.2
            +---------+---------+-------+---------+---------+-------
